 Dungeon Crawl Stone Soup version 0.31-a0-1529-g7bd419a0e5 (webtiles) character file.

Game seed: 8766443074405165383

812 graki42 the Sneak (level 7, 0/49 HPs)
             Began as an Octopode Shapeshifter on Dec 31, 2023.
             Slain by an ogre
             ... wielding a +0 giant club
              (35 damage)
             ... on level 5 of the Dungeon.
             The game lasted 00:11:42 (4730 turns).

graki42 the Sneak (Octopode Shapeshifter)           Turns: 4730, Time: 00:11:42

Health: 0/49       AC:  1    Str: 13    XL:     7   Next: 93%
Magic:  7/7        EV: 14    Int: 12    God:
Gold:   250        SH:  0    Dex: 14    Spells: 6/6 levels left

rFire   + .          .
                       - Unarmed
rCold   . . .        (no shield)
rNeg    . . .        (helmet currently unavailable)
rPois   .            (no amulet)
rElec   .            h - ring of protection from fire
rCorr   .            j - ring of willpower
SInv    .            (no ring)
Will    +....        (no ring)
Stlth   ++++         (no ring)
HPRegen 0.28/turn    (no ring)
MPRegen 0.10/turn    (no ring)
                     (no ring)

%: no passive effects
@: beast-form, studying Fighting
A: beast (slay +2), almost no armour, amphibious, 8 rings, camouflage 1,
gelatinous body 1, (nimble swimmer 1), tentacles
a: Begin Untransformation


You were on level 5 of the Dungeon.
You were a hulking beast.
You visited 1 branch of the dungeon, and saw 5 of its levels.
You also visited: Sewer.

You collected 250 gold pieces.

Inventory:

Hand Weapons
 o - a +4 quarterstaff of chaos
Missiles
 l - a throwing net
Jewellery
 h - a ring of protection from fire (left tentacle)
 j - a ring of willpower (right tentacle)
Talismans
 b - a beast talisman
 c - a flux talisman
 p - a serpent talisman
 q - a maw talisman
Scrolls
 f - 2 scrolls of fog {unknown}
 g - a scroll of blinking
 i - 2 scrolls of teleportation
 m - 2 scrolls of noise
 r - a scroll of vulnerability {unknown}
 w - 2 scrolls of silence {unknown}
 x - a scroll of fear {unknown}
Potions
 a - a potion of lignification
 d - 3 potions of magic {unknown}
 e - 2 potions of might {unknown}
 k - 3 potions of mutation {unknown}
 n - 3 potions of haste {unknown}
 s - 3 potions of ambrosia
 t - a potion of invisibility {unknown}
 u - 3 potions of curing {unknown}
 v - 3 potions of brilliance {unknown}


   Skills:
 + Level 4.9 Fighting
 + Level 4.2 Dodging
 + Level 5.1 Stealth
 + Level 4.7 Unarmed Combat
 * Level 4.7 Shapeshifting


You had 6 spell levels left.
You didn't know any spells.
Your spell library contained the following spells:

 Spells                   Type           Power      Damage    Failure   Level
 Ensorcelled Hibernation  Hex/Ice        0%         N/A       45%         2
 Passwall                 Erth           0%         N/A       69%         3
 Swiftness                Air            0%         N/A       69%         3
 Volatile Blastmotes      Fire/Tloc      0%         2d10      69%         3
 Fulminant Prism          Conj/Alch      0%         3d5       97%         4
 Iskenderun's Mystic Bla  Conj/Tloc      0%         2d3       97%         4


Dungeon Overview and Level Annotations

Branches:
Dungeon (5/15)              Sewer (visited)
 Temple: D:4-7

Altars:
Kikubaaqudgha


Innate Abilities, Weirdness & Mutations

You are a hulking beast.
Your limbs bulge with bestial killing power. (Slay +2)
You cannot wear most types of armour.
You are amphibious.
You can wear up to eight rings at the same time.
Your skin changes colour to match your surroundings (Stealth+).
Your rubbery body absorbs attacks. (AC +1, EV +1)
((You are camouflaged when in or above water. (Stealth+)))
You have tentacles for arms and can constrict up to eight enemies at once.


Message History

You bludgeon the gnoll!
You kill the gnoll!
The gnoll barely misses you. The gnoll hits you with a +0 spear!
You see here a +0 halberd.
The gnoll shouts!
You tentacle-slap the gnoll but do no damage.
Your grab misses the gnoll. The gnoll misses you.
You bludgeon the gnoll! You grab the gnoll.
The gnoll is heavily wounded.
You constrict the gnoll. The gnoll misses you.
You tentacle-slap the gnoll.
The gnoll is almost dead.
You constrict the gnoll. The gnoll hits you with a +0 spear!
You tentacle-slap the gnoll.
You kill the gnoll!
You closely miss the gnoll. Your grab misses the gnoll.
You tentacle-slap the gnoll. You squeeze the gnoll.
You kill the gnoll!
You see here a scorpion corpse.
You start resting.
HP restored.
You see here a +0 halberd.
l - a throwing net
s - 3 potions of ambrosia (gained 1)
The ogre shouts!
You bludgeon the ogre! You squeeze the ogre.
The ogre is heavily wounded.
The ogre hits you with a +0 giant club!
You tentacle-slap the ogre.
The ogre is heavily wounded.
The ogre barely misses you.
You tentacle-slap the ogre but do no damage.
Your tentacle-slap misses the ogre.
Your squeeze misses the ogre.
The ogre is heavily wounded.
You tentacle-slap the ogre.
The ogre is almost dead.
The ogre hits you with a +0 giant club!!
Ouch! That really hurt!
You die...

#........# #........
#.......
#................ #.....
...#..[... #....
..#..... #.O#
#.#...#+####
#.h#####.#...#.....
#####..#...............
........................
..................#####.
######..#.....###.......
...................#.
##################.#.
..#.). ###.##)#


You could see an ogre.

Vanquished Creatures
  An ogre (D:5)
  A crocodile (Sewer)
  2 kobold brigands (Sewer)
  2 scorpions (D:5)
  Crazy Yiuf (D:2)
  A bombardier beetle (D:4)
  A sleepcap (D:4)
  A gnoll bouda (D:4)
  An orc wizard (D:5)
  Robin (D:2)
  7 gnolls
  5 adders
  A river rat (Sewer)
  A dart slug (D:3)
  4 ribbon worms
  9 orcs
  3 bats
  10 endoplasms
  A giant cockroach (D:4)
  14 goblins
  8 hobgoblins
  4 quokkas
  14 ball pythons
  4 frilled lizards
  12 kobolds
  9 rats
118 creatures vanquished.

Notes
Turn   | Place    | Note
-------+----------+-------------------------------------------
     0 | D:1      | graki42 the Octopode Shapeshifter began the quest for the
                  | Orb.
     0 | D:1      | Reached XP level 1. HP: 13/13 MP: 1/1
   239 | D:1      | Reached XP level 2. HP: 18/18 MP: 2/2
   417 | D:1      | Reached skill level 1 in Stealth
   771 | D:1      | You fall into a shaft and drop 1 floor!
   845 | D:2      | Noticed Robin
   860 | D:2      | Reached XP level 3. HP: 17/23 MP: 3/3
  1211 | D:2      | Found a runed translucent door.
  1212 | D:2      | Noticed Crazy Yiuf
  1285 | D:2      | Killed Robin
  1337 | D:2      | Reached skill level 2 in Stealth
  1354 | D:2      | Reached XP level 4. HP: 29/29 MP: 4/4
  1912 | D:2      | Killed Crazy Yiuf
  2001 | D:3      | Identified a scroll of acquirement
  2005 | D:3      | Acquired a manual of Fighting
  2089 | D:3      | Reached XP level 5. HP: 20/34 MP: 5/5
  2488 | D:3      | Found a glowing drain.
  2492 | Sewer    | Entered a sewer
  2645 | Sewer    | Noticed a kobold brigand
  2649 | Sewer    | Reached skill level 3 in Stealth
  2659 | Sewer    | Killed a kobold brigand
  2660 | Sewer    | Reached XP level 6. HP: 25/42 MP: 6/6
  2937 | Sewer    | Reached skill level 4 in Stealth
  3189 | D:4      | Reached XP level 7. HP: 47/47 MP: 7/7
  3711 | D:4      | Found an ancient bone altar of Kikubaaqudgha.
  4349 | D:5      | Entered Level 5 of the Dungeon
  4646 | D:5      | Reached skill level 5 in Stealth
  4730 | D:5      | Slain by an ogre

Illustrated notes

Levels and vault maps discovered:
D:1:      dpeg_arrival_another_circle, layout_loops_corners
D:2:      minmay_inner_zag, layout_loops_ring, uniq_robin,
          uniq_crazy_yiuf_cottage
D:3:      layout_basic, gup_sewer_entry_bowl
D:4:      layout_loops_corners, lemuel_doored_altar, hex_medium
D:5:      layout_basic, mainiacjoe_overflow_small_starburst,
          eino_small_chamber_without_monster

Skill      XL: |  1  2  3  4  5  6  7 |
---------------+----------------------+-----
Stealth        | 1 2 3 4 5 |  5.1
Fighting       | 2 3 4 |  4.9
Dodging        | 3 4 |  4.2
Unarmed Combat | 4 |  4.7
Shapeshifting  | 4 |  4.7

Action                     |  1- 3 |  4- 6 |  7- 9 || total
---------------------------+-------+-------+-------++-------
  Melee: Unarmed           |    60 |   118 |    76 ||   254
         Constrict         |    15 |    25 |    22 ||    62
         Tentacles         |     8 |    19 |    20 ||    47
         Punch             |       |     9 |     4 ||    13
    Use: Scroll            |       |     5 |     2 ||     7
         Potion            |       |     2 |       ||     2
   Stab: Sleeping          |     6 |    11 |     4 ||    21
         Distracted        |       |     1 |       ||     1
 Armour: Skin              |    18 |    52 |    26 ||    96
  Dodge: Dodged            |    32 |    63 |    43 ||   138

Table legend: (Time is in decaauts)
 A = Elapsed time spent in this place.
 B = Non-inter-level travel time spent in this place.
 C = Inter-level travel time spent in this place.
 D = Time resting spent in this place.
 E = Time spent auto-exploring this place.
 F = Levels seen in this place.
 G = Mean time per level.
                   A        B        C        D        E       F      G
               +--------+--------+--------+--------+--------+-----+--------+
         Total |   4712 |   4528 |    184 |    597 |   3105 |   6 |  785.3 |
       Dungeon |   4177 |   3993 |    184 |    513 |   2783 |   5 |  835.4 |
         Sewer |    534 |    534 |      0 |     84 |    322 |   1 |  534.0 |
               +--------+--------+--------+--------+--------+-----+--------+

Top non-repeatable levels by time:
     D:4: 1195 daAuts
     D:1: 1058 daAuts
     D:2: 934 daAuts
     D:3: 719 daAuts
   Sewer: 534 daAuts
     D:5: 270 daAuts
